 Dungeon Crawl Stone Soup version 0.21.1-1-g345015fe64 (webtiles) character file.

56 Rrauwl the Grasshopper (level 4, 0/29 HPs)
             Began as a Halfling Warper on Feb 10, 2018.
             Succumbed to an adder's poison
             ... on level 2 of the Dungeon.
             The game lasted 00:05:04 (1675 turns).

Rrauwl the Grasshopper (Halfling Warper)            Turns: 1675, Time: 00:05:04

Health: 0/29       AC:  4    Str: 17    XL:     4   Next: 15%
Magic:  6/6        EV: 15    Int: 12    God:
Gold:   6          SH:  0    Dex: 13    Spells: 6/6 levels left

rFire    . . .     SeeInvis .   a - +0 hand axe
rCold    . . .     Gourm    .   (shield restricted)
rNeg     . . .     Faith    .   i - +1 leather armour
rPois    .         Spirit   .   (no helmet)
rElec    .         Reflect  .   (no cloak)
rCorr    .         Harm     .   (no gloves)
MR       .....                  (no boots)
Stlth    +.........             (no amulet)
HPRegen  0.09/turn              (no ring)
MPRegen  0.10/turn              (no ring)

@: mighty, lethally poisoned (0 -> -4)
A: small, mutation resistance 1
a: no special abilities


You were on level 2 of the Dungeon.
You were not hungry.

You visited 1 branch of the dungeon, and saw 2 of its levels.

You collected 6 gold pieces.

Inventory:

Hand Weapons
 a - a +0 hand axe (weapon)
 b - a +2 hunting sling of freezing
Missiles
 e - 5 tomahawks of dispersal (quivered)
 l - 17 stones
Armour
 i - a +1 leather armour (worn)
Scrolls
 d - a scroll of blinking
 j - a scroll of identify
Books
 c - a book of Spatial Translocations

   Spells                             Type                      Level
   a - Blink                          Translocation                2
   b - Shroud of Golubria             Charms/Translocation         2
   c - Lesser Beckoning               Translocation                3
   d - Gell's Gravitas                Translocation                3
   e - Teleport Other                 Translocation                3
   f - Passage of Golubria            Translocation                4
Comestibles
 f - 3 rations
 h - 3 chunks of flesh


   Skills:
 - Level 2.0 Fighting
 + Level 2.5 Axes
 + Level 1.8(2.1) Slings
 - Level 1.0(1.2) Throwing
 + Level 1.8 Armour
 + Level 2.6 Dodging
 - Level 1.0 Stealth
 + Level 1.8 Spellcasting
   Level 3.2 Translocations


You had 6 spell levels left.
You didn't know any spells.

Dungeon Overview and Level Annotations

Branches:
Dungeon (2/15)

Altars:
Dithmenos


Innate Abilities, Weirdness & Mutations

You are small and have problems with some larger weapons.
You are somewhat resistant to further mutation.


Message History

* * * LOW HITPOINT WARNING * * *
You feel sick.
Found a scroll of identify.
* * * LOW HITPOINT WARNING * * *
You feel sick.
The goblin shouts!
The goblin completely misses you.
You closely miss the goblin. The goblin closely misses you.
You slash the goblin!
You kill the goblin!
* * * LOW HITPOINT WARNING * * *
You feel sick.
You see here a goblin corpse.
You butcher the goblin corpse.
* * * LOW HITPOINT WARNING * * *
You feel sick.
You see here 3 chunks of flesh.
There is a lethal amount of poison in your body!
Found 7 poisoned needles.
You die...

#. #.. #. #.# #.
#.# #. #.# #.##
#.#
#.(###.#####?#
#............#
##.###.#########
#†# #%.@.....(!
#.# ###########
#.# #.# #.#
###.# #...#
#.### #.# .#


There were no monsters in sight!

Vanquished Creatures
  2 adders (D:2)
  2 leopard geckos (D:1)
  4 bats
  5 goblins
  3 hobgoblins (D:1)
  A quokka (D:2)
  A ball python (D:1)
  2 frilled lizards (D:1)
  10 kobolds (D:1)
  2 rats (D:1)
  A plant (D:1)
33 creatures vanquished.

Notes
Turn   | Place    | Note
-------+----------+-------------------------------------------
     0 | D:1      | Rrauwl the Halfling Warper began the quest for the Orb.
     0 | D:1      | Reached XP level 1. HP: 14/14 MP: 3/3
   440 | D:1      | Reached XP level 2. HP: 19/19 MP: 4/4
   580 | D:1      | Reached skill level 1 in Slings
   819 | D:1      | Reached XP level 3. HP: 6/24 MP: 5/5
  1115 | D:1      | Reached skill level 1 in Stealth
  1545 | D:2      | Found a shadowy altar of Dithmenos.
  1663 | D:2      | Reached XP level 4. HP: 8/29 MP: 6/6
  1673 | D:2      | HP: 1/29 [poisoned by an adder]
  1675 | D:2      | Succumbed to an adder's poison

Skill      XL: |  1  2  3 |
---------------+----------+-----
Slings         | 1 |  1.8
Fighting       | 2 |  2.0
Stealth        | 1 |  1.0
Axes           | |  2.5
Throwing       | |  1.0
Armour         | |  1.8
Dodging        | |  2.6
Spellcasting   | |  1.8
Translocations | |  3.2

Action                   |  1- 3 |  4- 6 || total
-------------------------+-------+-------++-------
Melee: Hand axe          |   139 |     2 ||   141
 Fire: Hunting sling     |    10 |       ||    10
  Use: Scroll            |     4 |       ||     4
       Potion            |     5 |       ||     5
  Eat: Chunk             |     3 |       ||     3
Armor: Leather armour    |    19 |       ||    19
Dodge: Dodged            |    72 |     2 ||    74
